 Dungeon Crawl Stone Soup version bcrawl-1.40.3b (webtiles) character file.

Game seed: 2866357305889696039

99692 paps the Skirmisher (level 3, -2/29 HPs)
             Began as a Demonspawn Fighter on Dec 2, 2023.
             Killed from afar by an orc wizard (7 damage)
             ... with a puff of flame
             ... on level 3 of the Dungeon.
             The game lasted 00:01:28 (1607 turns).

paps the Skirmisher (Demonspawn Fighter)            Turns: 1607, Time: 00:01:29

Health: -2/29      AC:  9    Str: 17    XL:     3   Next: 33%
Magic:  3/3        EV:  5    Int:  9    God:
Gold:   207        SH:  9    Dex: 12    Spells: 2/2 levels left

rFire    . . .     GDR:     27% a - +0 long sword
rCold    . . .     SeeInvis .   c - +0 medium shield
rNeg     . . .     Gourm    .   b - +0 scale mail
rPois    .         Faith    .   (no helmet)
rElec    .         Spirit   .   (no cloak)
rCorr    .         Reflect  .   (no gloves)
MR       .....                  (no boots)
Stlth    ..........             (no amulet)
HPRegen  0.14/turn              (no ring)
MPRegen  0.08/turn              (no ring)

@: lethally poisoned (-2 -> -4)
A: thin metallic scales 2
a: no special abilities


You were on level 3 of the Dungeon.
You were hungry.

You visited 1 branch of the dungeon, and saw 3 of its levels.

You collected 207 gold pieces.

Inventory:

Hand Weapons
 a - a +0 long sword (weapon)
Armour
 b - a +0 scale mail (worn)
 c - a +0 medium shield (worn)
Wands
 m - a wand of paralysis (11)
Scrolls
 f - 2 scrolls of enchant weapon {unknown}
 h - a scroll of remove curse {unknown}
 i - a scroll of identify
 l - a scroll of enchant armour {unknown}
Potions
 d - a potion of might
 g - 2 potions of curing {unknown}
 j - 2 potions of agility {unknown}
 k - a potion of magic {unknown}
Comestibles
 e - a ration {!d}


   Skills:
 + Level 3.3 Fighting
 + Level 2.2 Long Blades
 + Level 3.1 Armour
 + Level 3.1 Shields


You had 2 spell levels left.
You didn't know any spells.
Your spell library was empty.

Dungeon Overview and Level Annotations

Branches:
Dungeon (3/12)

Altars:
Nemelex Xobeh


Innate Abilities, Weirdness & Mutations

You are mostly covered in thin metallic scales. (AC +3)


Message History

An orc wizard comes into view.
It is wielding a +2 dagger of protection.
You are feeling hungry.
You hit the bullfrog skeleton.
The bullfrog skeleton is moderately damaged.
You feel sick.
You block the bullfrog skeleton's attack.
The bullfrog skeleton hits you!
* * * LOW HITPOINT WARNING * * *
You hit the bullfrog skeleton.
The bullfrog skeleton is heavily damaged.
The bullfrog skeleton hits you.
* * * LOW HITPOINT WARNING * * *
You closely miss the orc wizard.
You feel sick.
The orc wizard hits you but does no damage.
Your shield prevents you from hitting the orc wizard.
You block the orc wizard's attack.
You closely miss the orc wizard. The orc wizard casts a spell at you.
The puff of flame hits you!
You die...

......# ...!?.#
......# o.......
......?. ........
##o#..... #@.......
#..#..... #..# ###
######..# #########
........# #........
#.######.# #........
#........# #........
#.#..###..###........
# #.............


You could see an orc wizard.

Vanquished Creatures
  An ooze (D:1)
  A worm (D:2)
  A dart slug (D:2)
  A leopard gecko (D:2)
  2 orcs
  2 giant cockroaches
  3 goblins
  3 hobgoblins (D:1)
  2 jackals (D:1)
  4 bats
  3 frilled lizards
  3 kobolds (D:1)
  2 rats (D:1)
28 creatures vanquished.

Notes
Turn   | Place    | Note
-------+----------+-------------------------------------------
     0 | D:1      | paps the Demonspawn Fighter began the quest for the Orb.
     0 | D:1      | Reached XP level 1. HP: 18/18 MP: 1/1
   127 | D:1      | Gained mutation: You are partially covered in thin metallic
                  | scales. (AC +2) [demonic ancestry]
   127 | D:1      | Reached XP level 2. HP: 24/24 MP: 2/2
  1007 | D:2      | Gained mutation: You are mostly covered in thin metallic
                  | scales. (AC +3) [demonic ancestry]
  1007 | D:2      | Reached XP level 3. HP: 25/29 MP: 3/3
  1295 | D:2      | Found a sparkling altar of Nemelex Xobeh.
  1607 | D:3      | Killed from afar by an orc wizard

Skill      XL: |  1  2 |
---------------+-------+-----
Long Blades    | 2 |  2.2
Shields        | 3 |  3.1
Armour         | 3 |  3.1
Fighting       | |  3.3

Action                   || total
-------------------------++-------
Melee: Long sword        ||   101
  Eat: Chunk             ||     5
Armor: Scale mail        ||    67
Dodge: Dodged            ||    20
Block: Medium shield     ||    44
